 Dungeon Crawl Stone Soup version 0.28.0-56-g4927b6849a (webtiles) character file.

Game seed: 7842351476485969662

55 Atelerd the Digger (level 3, -1/21 HPs)
             Began as an Octopode Earth Elementalist on Feb 1, 2023.
             Slain by a jackal (2 damage)
             ... on level 2 of the Dungeon.
             The game lasted 00:00:48 (1451 turns).

Atelerd the Digger (Octopode Earth Elementalist)    Turns: 1451, Time: 00:00:49

Health: -1/21      AC:  1    Str:  7    XL:     3   Next: 93%
Magic:  4/6        EV: 13    Int: 19    God:
Gold:   49         SH:  0    Dex: 12    Spells: 6/7 levels left

rFire   . . .      SeeInvis .   d - +0 dagger
rCold   . . .      Faith    .   (no shield)
rNeg    . . .      Spirit   .   (helmet restricted)
rPois   .          Reflect  .   (no amulet)
rElec   .          Harm     .   (no ring)
rCorr   .          Rampage  .   (no ring)
Will    .....                   (no ring)
Stlth   +++.......              (no ring)
HPRegen 0.07/turn               (no ring)
MPRegen 0.10/turn               (no ring)
                                (no ring)
                                (no ring)

@: brilliant, invisible
A: almost no armour, amphibious, 8 rings, camouflage 1, gelatinous body 1,
(nimble swimmer 1), tentacles
a: no special abilities


You were on level 2 of the Dungeon.
You visited 1 branch of the dungeon, and saw 2 of its levels.

You collected 49 gold pieces.

Inventory:

Hand Weapons
 d - a +0 dagger (weapon)
Missiles
 b - 2 stones
Scrolls
 a - 2 scrolls of identify
 c - a scroll of magic mapping
 e - a scroll of teleportation {unknown}
Potions
 g - a potion of invisibility


   Skills:
 - Level 2.0 Dodging
 + Level 3.0 Stealth
 + Level 2.5 Spellcasting
 + Level 1.2 Transmutations
 + Level 4.1 Earth Magic


You had 6 spell levels left.
You knew the following spells:

 Your Spells              Type           Power      Damage    Failure   Level
a - Sandblast             Erth           54%        2d13      3%          1

Your spell library contained the following spells:

 Spells                   Type           Power      Damage    Failure   Level
 Passwall                 Tmut/Erth      15%        N/A       9%          2
 Stone Arrow              Conj/Erth      30%        3d8       21%         3
 Petrify                  Tmut/Erth      18%        N/A       47%         4


Dungeon Overview and Level Annotations

Branches:
Dungeon (2/15)

Altars:
Gozag


Innate Abilities, Weirdness & Mutations

You cannot wear most types of armour.
You are amphibious.
You can wear up to eight rings at the same time.
Your skin changes colour to match your surroundings (Stealth+).
Your rubbery body absorbs attacks. (AC +1, EV +1)
((You are camouflaged when in or above water. (Stealth+)))
You have tentacles for arms and can constrict up to eight enemies at once.


Message History

You hear a shout!
The blast of sand hits the kobold!
You kill the kobold!
The jackal bites you. The jackal barely misses you.
You closely miss the jackal. You grab the jackal.
You squeeze the jackal, but do no damage.
You constrict the jackal, but do no damage.
The jackal bites you. x4
You are too injured to fight recklessly!
You are too injured to fight recklessly!
You are too injured to fight recklessly!
You are too injured to fight recklessly!
You are too injured to fight recklessly!
You are too injured to fight recklessly!
You are too injured to fight recklessly!
You are too injured to fight recklessly!
Unknown command.
As you read the scroll labelled PEMEOTURHI, it crumbles to dust.
It is a scroll of identify.
c - a scroll of magic mapping You constrict the jackal.
The jackal bites you. x2
* * * LOW HITPOINT WARNING * * *
The jackal misses you. The jackal barely misses you.
It was a potion of brilliance.
You feel clever all of a sudden.
You constrict the jackal. The jackal closely misses you.
A jackal comes into view.
The jackal bites you.
* * * LOW HITPOINT WARNING * * *
A hobgoblin comes into view.
The jackal bites you but does no damage.
The jackal closely misses you. The jackal bites you.
* * * LOW HITPOINT WARNING * * *
It was a potion of invisibility.
You fade into invisibility!
You constrict the jackal.
You kill the jackal!
The jackal closely misses you. The jackal barely misses you.
The jackal bites you.
You die...

##h#.......... .
#.................
#.#....h.......g.....
.......h.............
..#....................
.?.....................
.......?.........#....
#.....!#.###hh......####
..#.........g@h.......(..
....?..?..h###.##......
......!.........>.#..
...#.......#.....##.#
.............#...##.####
#.......†...<.....#....)...#
>.._..#†......##..........#
.... #.......#####.......#
... #.......# #.......#


You could see 4 jackals, a hobgoblin and a goblin.

Vanquished Creatures
  2 adders (D:2)
  A dart slug (D:1)
  A ball python (D:1)
  4 endoplasms
  4 giant cockroaches
  5 goblins (D:1)
  3 hobgoblins (D:1)
  3 jackals
  2 bats
  A frilled lizard (D:1)
  4 kobolds
  4 rats
34 creatures vanquished.

Notes
Turn   | Place    | Note
-------+----------+-------------------------------------------
     0 | D:1      | Atelerd the Octopode Earth Elementalist began the quest for
                  | the Orb.
     0 | D:1      | Reached XP level 1. HP: 11/11 MP: 3/3
   118 | D:1      | Reached XP level 2. HP: 17/17 MP: 1/5
   817 | D:1      | Reached XP level 3. HP: 21/21 MP: 4/6
  1307 | D:2      | Found an opulent altar of Gozag.
  1437 | D:2      | Reached skill level 4 in Earth Magic
  1450 | D:2      | HP: 1/21 [jackal (2)]
  1451 | D:2      | Slain by a jackal

Illustrated notes

Levels and vault maps discovered:
D:1:      minmay_arrival_floating_metal, layout_loops_ring, minivault_5
D:2:      layout_rooms, chequers_ecumenical_altar_simple, basic_altar

Skill      XL: |  1  2  3 |
---------------+----------+-----
Stealth        | 3 |  3.0
Earth Magic    | 4 |  4.1
Dodging        | |  2.0
Spellcasting   | |  2.5
Transmutations | |  1.2

Action                   || total
-------------------------++-------
Melee: Constrict         ||     7
       Unarmed           ||     1
       Dagger            ||    14
       Tentacles         ||     4
       Punch             ||     1
 Cast: Sandblast         ||    32
  Use: Potion            ||     2
       Scroll            ||     1
Armor: Skin              ||     5
Dodge: Dodged            ||    26
